 Dungeon Crawl Stone Soup version 0.28.0-53-g5a82cb258f (webtiles) character file.

Game seed: 16765800089033193159

59 Jerry the Covered (level 3, -2/31 HPs)
             Began as a Demigod Fighter on July 29, 2022.
             Killed from afar by Robin (6 damage)
             ... with a puff of flame
             ... on level 2 of the Dungeon.
             The game lasted 00:03:59 (1937 turns).

Jerry the Covered (Demigod Fighter)                 Turns: 1937, Time: 00:04:00

Health: -2/31      AC:  6    Str: 21    XL:     3   Next: 54%
Magic:  5/5        EV:  9    Int: 10    God:
Gold:   44         SH:  4    Dex: 13    Spells: 2/2 levels left

rFire   . . .      SeeInvis .   k - +0 whip
rCold   . . .      Faith    .   c - +0 buckler
rNeg    . . .      Spirit   .   b - +0 scale mail
rPois   .          Reflect  .   (no helmet)
rElec   .          Harm     .   (no cloak)
rCorr   .          Rampage  .   (no gloves)
Will    .....                   (no boots)
Stlth   ..........              (no amulet)
HPRegen 0.10/turn               (no ring)
MPRegen 0.09/turn               (no ring)

@: no status effects
A: high MP 1, forlorn, divine attributes
a: no special abilities


You were on level 2 of the Dungeon.
You visited 1 branch of the dungeon, and saw 2 of its levels.

You collected 44 gold pieces.

Inventory:

Hand Weapons
 a - a +0 flail
 k - a +0 whip (weapon)
Armour
 b - a +0 scale mail (worn)
 c - a +0 buckler (worn)
Scrolls
 e - a scroll of fog {unknown}
 g - a scroll of blinking {unknown}
 h - a scroll of fear {unknown}
 i - a scroll of magic mapping {unknown}
 j - a scroll of noise {unknown}
Potions
 d - a potion of might
 f - 2 potions of brilliance {unknown}


   Skills:
 + Level 3.1 Fighting
 + Level 2.4 Maces & Flails
 + Level 3.2 Armour
 + Level 3.1 Shields


You had 2 spell levels left.
You didn't know any spells.
Your spell library contained the following spells:

 Spells                   Type           Power      Damage    Failure   Level
 Apportation              Tloc           0%         N/A       80%         1
 Alistair's Intoxication  Tmut/Pois      0%         N/A       100%        5


Dungeon Overview and Level Annotations

Branches:
Dungeon (2/15)

Annotations:
D:2 Robin


Innate Abilities, Weirdness & Mutations

You have an increased reservoir of magic. (+10% MP)
You shall have no god before yourself.
Your divine heritage dramatically boosts your attributes as you level up.


Message History

You whack the goblin!
You kill the goblin!
The goblin hits you but does no damage. Robin throws the goblin at you!
The goblin hits you with a +0 club.
* * * LOW HITPOINT WARNING * * *
Items here: )) ††.
The goblin hits you but does no damage.
Things that are here:
a +0 club; 3 stones The goblin no longer looks unusually strong.
You barely miss the goblin. The goblin hits you with a +0 club.
* * * LOW HITPOINT WARNING * * *
You hit the goblin.
You kill the goblin!
You start resting.
A dart slug is nearby!
There is an open door here.
You start resting.
A dart slug is nearby!
You are too injured to fight recklessly!
You are too injured to fight recklessly!
You are too injured to fight recklessly!
You are too injured to fight recklessly!
You hit the dart slug.
The dart slug is moderately wounded.
You hit the dart slug.
The dart slug is severely wounded.
You block the dart slug's attack.
You hit the dart slug.
You kill the dart slug!
Robin zaps a wand.
The puff of flame hits you!
* * * LOW HITPOINT WARNING * * *
You hit Robin but do no damage. Robin barely misses you.
You hit Robin.
Robin is moderately wounded.
Robin's horned helmet rattles.
Robin hits you with a +2 spectral club.
* * * LOW HITPOINT WARNING * * *
Robin zaps a wand.
The puff of flame hits you.
You die...

# ### ###
#############.#
#.#
......w....)..#
#.#
#############.#
#.# # #.# #.# #
#.#####.# #
#####.#.@...# #
#.....#.###.# #
#.....g.# #.#
#.....### #.#
#.....# #.#
.....########
#.# .....# #.#
..... #.# #.)..
#.#


You could see Robin.

Vanquished Creatures
  2 adders (D:2)
  A worm (D:1)
  A dart slug (D:2)
  3 endoplasms (D:1)
  10 goblins
  4 hobgoblins
  A quokka (D:1)
  2 ball pythons (D:1)
  5 bats
  A frilled lizard (D:1)
  2 kobolds
  A rat (D:2)
33 creatures vanquished.

Notes
Turn   | Place    | Note
-------+----------+-------------------------------------------
     0 | D:1      | Jerry the Demigod Fighter began the quest for the Orb.
     0 | D:1      | Reached XP level 1. HP: 18/18 MP: 3/3
   289 | D:1      | Reached XP level 2. HP: 13/25 MP: 4/4
  1381 | D:2      | Reached XP level 3. HP: 31/31 MP: 5/5
  1860 | D:2      | Noticed Robin
  1937 | D:2      | Killed from afar by Robin

Illustrated notes

Levels and vault maps discovered:
D:1:      minmay_arrival_diagonal_passages, layout_loops_cross,
          nicolae_wormholes
D:2:      layout_basic, kennysheep_potato, uniq_robin

Skill      XL: |  1  2 |
---------------+-------+-----
Maces & Flails | 2 |  2.4
Fighting       | 3 |  3.1
Armour         | 3 |  3.2
Shields        | 3 |  3.1

Action                   || total
-------------------------++-------
Melee: Flail             ||    77
       Whip              ||    32
Armor: Scale mail        ||    48
Dodge: Dodged            ||    34
Block: Buckler           ||    24
